 Dungeon Crawl Stone Soup version 0.23.2-1-ga50397a6bc (webtiles) character file.

Game seed: 14195022737832142083

67816 rkdcjf the Unseen (level 14, 0/63 HPs)
             Began as a Spriggan Enchanter on May 4, 2019.
             Was a High Priest of Dithmenos.
             Collided with some deep water (6 damage)
             ... caused by a swamp worm
             ... on level 2 of the Swamp on May 5, 2019.
             The game lasted 05:16:45 (34631 turns).

rkdcjf the Unseen (Spriggan Enchanter)             Turns: 34631, Time: 05:16:51

Health: 0/63       AC:  4    Str:  8    XL:     14   Next: 84%
Magic:  21/33      EV: 28    Int: 17    God:    Dithmenos [*****.]
Gold:   1433       SH:  8    Dex: 17    Spells: 21/41 levels left

rFire    . . .     SeeInvis +   k - +3 dagger (venom)
rCold    . . .     Gourm    .   e - +1 buckler
rNeg     . . .     Faith    .   B - +0 troll leather armour
rPois    +         Spirit   .   I - +1 hat
rElec    .         Reflect  .   p - +0 cloak
rCorr    .         Harm     .   (gloves unavailable)
MR       +++..                  (boots unavailable)
Stlth    ++........             (no amulet)
HPRegen  0.60/turn              m - ring of stealth
MPRegen  0.23/turn              M - ring of the King {rPois MR+}

@: contaminated, glowing, invisible (but backlit and visible), slow
A: very small, unfitting armour, see invisible, deformed body, herbivore, speed
3, mutation resistance 1, slow metabolism 2, subdued magic 2
a: Shadow Step, Shadow Form, Renounce Religion


You were on level 2 of the Swamp.
You worshipped Dithmenos.
Dithmenos was extremely pleased with you.
You were not hungry.

You visited 5 branches of the dungeon, and saw 23 of its levels.

You collected 1949 gold pieces.
You spent 516 gold pieces at shops.

Inventory:

Hand Weapons
 b - a +2 dagger of freezing
 k - a +3 dagger of venom (weapon)
 F - a +2 short sword of speed
Missiles
 f - 747 stones (quivered)
 o - 92 poisoned needles
Armour
 e - a +1 buckler (worn)
 p - a +0 cloak (worn)
 B - a +0 troll leather armour (worn)
 I - a +1 hat (worn)
Jewellery
 a - an uncursed ring of flight
 l - a +3 ring of strength
 m - a ring of stealth (left hand)
 v - an uncursed ring of magical power
 x - an uncursed ring of fire
 y - an uncursed ring of protection from cold
 A - an uncursed ring of protection from cold
 C - an uncursed ring of positive energy
 D - an uncursed ring of poison resistance
 J - an uncursed amulet of guardian spirit
 M - the ring of the King (right hand) {rPois MR+}
   (You found it on level 5 of the Lair of Beasts)

   [ring of poison resistance]

   It protects you from poison.
   It affects your resistance to hostile enchantments.
Wands
 c - a wand of random effects (17)
 t - a wand of flame (52)
 z - a wand of digging (5)
 G - a wand of paralysis (6)
 O - a wand of clouds (3)
Scrolls
 g - 12 scrolls of remove curse
 i - 2 scrolls of identify
 q - 7 scrolls of enchant weapon
 r - 4 scrolls of fog
 s - 8 scrolls of teleportation
 u - 5 scrolls of enchant armour
 E - 3 scrolls of fear
 H - 2 scrolls of magic mapping
 K - 4 scrolls of amnesia
 P - a scroll of acquirement
Potions
 h - 9 potions of curing
 j - a potion of heal wounds
 n - 2 potions of resistance
 w - 2 potions of haste
 L - a potion of invisibility
 N - a potion of agility
Comestibles
 d - 21 rations


   Skills:
 + Level 2.9 Fighting
 - Level 10.0 Short Blades
 + Level 14.3 Dodging
 - Level 16.5 Stealth
 - Level 5.2 Shields
 + Level 14.3 Spellcasting
 - Level 15.0 Hexes
 - Level 2.4 Ice Magic
 - Level 7.0 Evocations


You had 21 spell levels left.
You knew the following spells:

 Your Spells              Type           Power        Failure   Level  Hunger
a - Corona                Hex            #####..      0%          1    None
b - Ensorcelled Hibernat  Hex/Ice        ####..       1%          2    None
c - Tukima's Dance        Hex            #####...     0%          3    None
d - Confuse               Hex            #####...     0%          3    None
e - Dazzling Spray        Conj/Hex       ###...       1%          3    None
f - Invisibility          Hex            #####...     1%          6    ######.
g - Passwall              Tmut/Erth      #.......     10%         2    None

Your spell library contained the following spells:

 Spells                   Type           Power        Failure   Level  Hunger
 Summon Guardian Golem    Hex/Summ       ###.....     1%          3    None
 Darkness                 Hex            #####.....   1%          6    ######.
 Metabolic Englaciation   Hex/Ice        ####......   4%          5    ####...
 Summon Small Mammal      Summ           #...         5%          1    None
 Call Imp                 Summ           #.......     10%         2    None
 Swiftness                Chrm/Air       #.......     10%         2    None
 Call Canine Familiar     Summ           #.......     19%         3    None
 Ice Form                 Ice/Tmut       ##......     41%         4    #......
 Summon Ice Beast         Ice/Summ       ##......     41%         4    #......
 Passage of Golubria      Tloc           N/A          56%         4    #......
 Summon Lightning Spire   Summ/Air       #.......     56%         4    #......
 Lee's Rapid Deconstruct  Erth           #.........   90%         5    ####...
 Ozocubu's Refrigeration  Ice            ##........   99%         6    ######.
 Bolt of Cold             Conj/Ice       ##........   100%        6    ######.
 Freezing Cloud           Conj/Ice/Air   #.........   100%        6    ######.
 Simulacrum               Ice/Necr       ##........   100%        6    ######.


Dungeon Overview and Level Annotations

Branches:
Dungeon (12/15)            Temple (1/1) D:4            Lair (6/6) D:11
  Swamp (2/4) Lair:3        Snake (0/4) Lair:3        Slime (0/5) Lair:5
    Orc (2/2) D:11            Elf (0/3) Orc:2

Altars:
Ashenzari
Cheibriados
Dithmenos
Elyvilon
Fedhas
Gozag
Hepliaklqana
Kikubaaqudgha
Makhleb
Nemelex Xobeh
Okawaru
Qazlal
Ru
Sif Muna
Trog
Uskayaw
Vehumet
Wu Jian
Xom
Yredelemnul
Zin
The Shining One
Jiyva

Shops:
Orc:1 !   Orc:2 [(==%

Annotations:
D:3 3 runed translucent doors, Freyura's ghost, weakling DsAK
Lair:5 1 runed translucent door


Innate Abilities, Weirdness & Mutations

You are very small and have problems with some larger weapons.
You are too small for most types of armour.
You have supernaturally acute eyesight. (SInv)
You are a herbivore.
You cover ground extremely quickly.
You need to consume almost no food.
Armour fits poorly on your strangely shaped body.
You are somewhat resistant to further mutation.
Your spells are easier to cast, but less powerful.


Message History

Aim: a spriggan rider, wielding a -3 spear and wearing a +0 buckler (water, moderately wounded, poisoned, umbra, chance to defeat MR: 13%)
The spriggan rider resists with almost no effort.
The swamp worm throws harpoon shot at you.
The harpoon shot hits you!
You are yanked forward by the harpoon shot.
You violently stop moving!
Splash!
You fall into the shallow water.
Moving in this stuff is going to be slow.
The spriggan rider hits you with a cursed -3 spear!
* * * LOW HITPOINT WARNING * * *
You hear an angry buzzing noise. x2
You feel much better.
The spriggan rider hits you with a cursed -3 spear!
The swamp worm throws harpoon shot at you.
The harpoon shot hits you!
* * * LOW HITPOINT WARNING * * *
You are yanked forward by the harpoon shot.
You violently stop moving!
You die...

≈≈≈≈. ♣ ♣♣.≈ ♣♣..÷≈≈ ≈≈≈≈≈♣
≈♣♣♣ ♣..♣♣♣ ♣♣≈.≈≈
.≈≈≈≈≈♣≈≈.♣ ♣♣♣♣♣♣.[.♣♣
♣♣..≈≈
≈≈≈w.♣♣.♣♣♣≈..♣♣.≈.§♣♣♣♣..≈..
...≈≈≈≈≈...♣ ♣.≈≈≈..≈≈♣♣..≈
♣§§§≈≈≈≈≈.♣♣♣.≈≈≈≈≈≈♣♣♣.≈≈
♣♣♣§§§≈≈≈..♣♣≈≈.≈≈≈≈..♣♣♣.≈≈
♣♣.§§§§.≈≈≈.....≈≈≈≈≈...≈♣♣.≈
♣≈.♣§.y.≈yw≈@.≈≈≈≈≈≈≈§≈.♣♣♣♣♣
♣≈..≈≈....≈i..≈≈≈≈≈≈≈≈.<♣
♣.≈≈≈y♣.≈.....≈≈≈≈≈≈≈≈.♣♣
♣≈≈≈.≈≈..♣♣♣§§......≈≈≈≈≈.♣
♣♣≈..≈≈≈♣♣ ♣♣♣>....≈..≈≈.♣≈
♣♣♣.≈≈≈♣ ♣....♣♣♣♣≈≈♣♣♣♣
♣...≈≈≈♣ ♣♣♣♣≈≈≈♣♣♣♣♣
......≈♣ ≈≈♣♣ ...♣♣♣♣♣♣ ♣♣♣


You could see a spriggan rider, a swamp worm and 3 vampire mosquitoes.

Vanquished Creatures
  Gastronok (Orc:1)
  An orc warlord (Orc:2)
  A fire dragon (Lair:6)
  Fannar (Lair:2)
  10 hydras
  A catoblepas (Lair:2)
  The ghost of Ethylacetat the Thaumaturge, a journeyman DsFE of Sif Muna (Orc:2)
  3 alligators (Swamp:1)
  A two-headed ogre (D:11)
  Urug (Lair:4)
  A swamp dragon (Swamp:1)
  3 orc knights
  A lindwurm (Lair:6)
  5 ugly things
  2 orc sorcerers (Orc:2)
  4 black mambas (Lair:6)
  Maurice (D:8)
  A torpor snail (Lair:6)
  15 spiny frogs
  3 molten gargoyles (Lair:6)
  3 rime drakes
  9 komodo dragons
  3 hornets
  3 trolls
  Grinder (D:3)
  11 slime creatures
  9 dream sheep
  2 bog bodies (Swamp:2)
  9 hippogriffs
  3 spriggans
  A shadow (D:10)
  4 wyverns
  Sigmund (D:2)
  A wraith (D:12)
  49 yaks
  Grum (D:8)
  3 steam dragons (Lair:6)
  A human (D:11)
  2 hungry ghosts (D:10)
  5 vampire mosquitoes
  4 basilisks (Lair:6)
  A naga (Lair:3)
  2 wargs
  A soldier ant (D:11)
  Duvessa (D:6)
  An acid dragon (D:12)
  15 water moccasins
  5 porcupines
  7 swamp worms
  4 hell hounds (Lair:6)
  3 swamp drakes
  A hornet zombie (D:7)
  A black bear (D:7)
  5 ice beasts
  40 orc warriors
  2 sky beasts (D:5)
  A necrophage (D:11)
  19 centaurs
  2 phantoms
  34 wolves
  8 ogres
  8 crocodiles
  3 big kobolds (D:8)
  11 bullfrogs
  Blork the orc (D:6)
  Dowan (D:6)
  A wyvern skeleton (D:9)
  7 scorpions
  A water moccasin skeleton (D:9)
  7 killer bees
  10 howler monkeys
  10 wights
  2 electric eels
  5 crimson imps
  A bullfrog zombie (D:7)
  5 lava snakes (Lair:6)
  3 centaur zombies
  A quasit (D:7)
  3 bullfrog skeletons
  14 orc priests
  6 hounds
  2 jellies
  A gnoll shaman (D:4)
  A centaur skeleton (D:5)
  12 worker ants
  Natasha (D:2)
  4 iguanas
  30 orc wizards
  2 hound zombies
  5 hound skeletons
  A howler monkey skeleton (D:6)
  11 adders
  12 gnolls
  2 shadow imps
  12 white imps (Lair:1)
  An ooze (D:7)
  An adder zombie (D:4)
  5 worms
  2 dart slugs
  7 leopard geckos
  99 orcs
  4 giant cockroaches
  9 hobgoblins
  6 kobolds
  6 quokkas
  A ball python (D:2)
  5 bats
  8 frilled lizards
  10 goblins
  A jackal zombie (D:8)
  A leopard gecko skeleton (D:3)
  3 quokka skeletons
  11 rats
711 creatures vanquished.

Vanquished Creatures (collateral kills)
  An ogre (D:4)
  A centaur (D:12)
  An adder (D:4)
3 creatures vanquished.

Vanquished Creatures (others)
  5 dancing weapons
  An orc warrior (Orc:2)
  An orc (Orc:2)
  7 fungi
  10 plants
24 creatures vanquished.

Grand Total: 738 creatures vanquished

Notes
Turn   | Place    | Note
-------+----------+-------------------------------------------
     0 | D:1      | rkdcjf the Spriggan Enchanter began the quest for the Orb.
     0 | D:1      | Reached XP level 1. HP: 9/9 MP: 5/5
   630 | D:1      | Reached XP level 2. HP: 13/13 MP: 7/7
  1996 | D:2      | Learned a level 2 spell: Ensorcelled Hibernation
  2013 | D:2      | Noticed Natasha
  2133 | D:2      | Reached XP level 3. HP: 16/16 MP: 7/9
  3036 | D:2      | Noticed Sigmund
  3046 | D:2      | Reached XP level 4. HP: 21/21 MP: 8/11
  3339 | D:3      | Reached skill level 1 in Ice Magic
  3436 | D:3      | Learned a level 3 spell: Tukima's Dance
  3440 | D:3      | Learned a level 3 spell: Confuse
  3524 | D:3      | Found a runed translucent gate.
  3525 | D:3      | Found a runed translucent gate.
  3530 | D:3      | Found a runed translucent gate.
  3532 | D:3      | Noticed Freyura's ghost (weakling DsAK)
  4055 | D:3      | Noticed Grinder
  4058 | D:3      | Reached skill level 5 in Hexes
  4058 | D:3      | Paralysed by Grinder for 3 turns
  4075 | D:3      | Killed Grinder
  4075 | D:3      | Reached skill level 5 in Spellcasting
  4075 | D:3      | Reached XP level 5. HP: 17/24 MP: 6/13
  4075 | D:3      | Reached XP level 6. HP: 20/28 MP: 6/15
  4143 | D:3      | Learned a level 3 spell: Dazzling Spray
  4376 | D:3      | Gained mutation: You are somewhat resistant to further
                  | mutation. [potion of mutation]
  4779 | D:4      | Reached skill level 5 in Stealth
  4785 | D:4      | Found a staircase to the Ecumenical Temple.
  4788 | D:4      | Reached XP level 7. HP: 32/32 MP: 11/16
  4882 | Temple   | Entered the Ecumenical Temple
  5032 | Temple   | Became a worshipper of Dithmenos the Shadowed
  5513 | D:4      | Reached skill level 6 in Stealth
  6004 | D:5      | Entered Level 5 of the Dungeon
  6315 | D:5      | Reached skill level 7 in Stealth
  6340 | D:5      | Reached XP level 8. HP: 36/36 MP: 19/19
  6456 | D:5      | Noticed a troll
  6769 | D:5      | Reached skill level 8 in Stealth
  6825 | D:5      | Reached * piety under Dithmenos
  6835 | D:5      | Killed a troll
  6835 | D:5      | Reached skill level 5 in Short Blades
  6835 | D:5      | Reached skill level 9 in Stealth
  7408 | D:5      | Reached skill level 10 in Stealth
  8163 | D:4      | Found a snail-covered altar of Cheibriados.
  8166 | D:4      | Found a burning altar of Makhleb.
  8168 | D:4      | Found an ornate altar of the Wu Jian Council.
  8177 | D:4      | Found a shimmering altar of Xom.
  8437 | D:4      | Found a bloodstained altar of Trog.
  8716 | D:2      | Killed Natasha
  8716 | D:2      | Reached XP level 9. HP: 36/39 MP: 6/20
  8807 | D:2      | Killed Sigmund
  9357 | D:6      | Reached skill level 5 in Dodging
  9473 | D:6      | Noticed Blork the orc
  9475 | D:6      | Noticed Dowan
  9479 | D:6      | Noticed Duvessa
  9493 | D:6      | Killed Blork the orc
  9493 | D:6      | Reached ** piety under Dithmenos
  9493 | D:6      | Reached skill level 11 in Stealth
  9515 | D:6      | Killed Duvessa
  9520 | D:6      | Killed Dowan
 10480 | D:7      | Found a glowing golden altar of the Shining One.
 10779 | D:7      | Reached skill level 12 in Stealth
 11210 | D:7      | Found a basalt altar of Yredelemnul.
 11280 | D:7      | Found a white marble altar of Elyvilon.
 11523 | D:8      | Reached XP level 10. HP: 44/44 MP: 15/21
 11662 | D:8      | Noticed a two-headed hydra
 11668 | D:8      | Killed a two-headed hydra
 11668 | D:8      | Reached skill level 13 in Stealth
 11897 | D:8      | Noticed Grum
 12087 | D:8      | Reached *** piety under Dithmenos
 12150 | D:8      | Noticed Maurice
 12189 | D:8      | Killed Maurice
 12213 | D:8      | Killed Grum
 12213 | D:8      | Reached skill level 10 in Dodging
 13240 | D:9      | Found a radiant altar of Vehumet.
 13260 | D:9      | Reached skill level 14 in Stealth
 13747 | D:9      | Reached skill level 10 in Short Blades
 14550 | D:10     | Entered Level 10 of the Dungeon
 14790 | D:10     | You fall through a shaft!
 14794 | D:11     | Noticed an eight-headed hydra
 14803 | D:11     | Reached XP level 11. HP: 47/47 MP: 23/23
 14821 | D:11     | Killed an eight-headed hydra
 14839 | D:11     | Found a staircase to the Lair.
 14938 | D:11     | Noticed a two-headed ogre
 14940 | D:11     | Noticed a cyan ugly thing
 15156 | D:12     | Found a white marble altar of Elyvilon.
 15292 | D:12     | Noticed a purple ugly thing
 15299 | D:12     | Killed a purple ugly thing
 15367 | D:10     | Reached skill level 15 in Stealth
 16526 | D:10     | Learned a level 1 spell: Corona
 17263 | D:10     | Reached **** piety under Dithmenos
 17641 | D:11     | Killed a two-headed ogre
 17641 | D:11     | Reached skill level 16 in Stealth
 17835 | D:10     | Reached skill level 10 in Spellcasting
 18260 | D:11     | Killed a cyan ugly thing
 18317 | D:11     | Reached XP level 12. HP: 51/51 MP: 5/27
 18497 | D:11     | Found a staircase to the Orcish Mines.
 18662 | D:11     | Reached skill level 10 in Hexes
 19034 | Orc:1    | Entered Level 1 of the Orcish Mines
 19051 | Orc:1    | Noticed Gastronok
 19065 | Orc:1    | Killed Gastronok
 19174 | Orc:1    | Found Naviuvef's Distillery.
 19386 | Orc:1    | Bought a potion of haste for 120 gold pieces
 19386 | Orc:1    | Bought a potion of invisibility for 96 gold pieces
 19616 | Orc:2    | Entered Level 2 of the Orcish Mines
 19669 | Orc:2    | Found a runed translucent door.
 19669 | Orc:2    | Noticed Ethylacetat's ghost (journeyman DsFE)
 20135 | Orc:1    | Reached skill level 5 in Evocations
 20558 | Orc:1    | Identified a scroll of acquirement
 20569 | Orc:1    | Learned a level 6 spell: Invisibility
 20572 | Orc:1    | Learned a level 2 spell: Passwall
 20650 | D:12     | Reached ***** piety under Dithmenos
 23258 | Orc:2    | Found a staircase to the Elven Halls.
 23501 | Orc:2    | Killed Ethylacetat's ghost
 23574 | Orc:2    | Reached XP level 13. HP: 55/55 MP: 23/28
 23652 | Orc:2    | Found Etipoonu's Antique Armour Boutique.
 23742 | Orc:2    | Noticed an orc warlord
 24143 | Orc:2    | Paralysed by an orc sorcerer for 4 turns
 24809 | Orc:2    | Killed an orc warlord
 25059 | Orc:2    | Found Duxzy's Jewellery Shoppe.
 25059 | Orc:2    | Found Nablyqo's Jewellery Boutique.
 25061 | Orc:2    | Found Peuf's Food Shop.
 25063 | Orc:2    | Found Ilerr's Weapon Emporium.
 25076 | Orc:2    | Bought an uncursed ring of poison resistance for 300 gold
                  | pieces
 25142 | Lair:1   | Entered Level 1 of the Lair of Beasts
 26971 | Lair:2   | Reached skill level 1 in Shields
 27411 | Lair:2   | Noticed Fannar
 27417 | Lair:2   | Killed Fannar
 27632 | Lair:3   | Found a staircase to the Snake Pit.
 27709 | Lair:3   | Found a staircase to the Swamp.
 28740 | Lair:4   | Noticed Urug
 28747 | Lair:4   | Killed Urug
 29546 | Lair:5   | Got a clouded lapis lazuli ring
 29547 | Lair:5   | Identified the ring of the King {rPois MR+} (You found it
                  | on level 5 of the Lair of Beasts)
 29559 | Lair:5   | Reached XP level 14. HP: 59/59 MP: 28/31
 29900 | Lair:5   | You fall through a shaft!
 29900 | Lair:6   | Entered Level 6 of the Lair of Beasts
 30034 | Lair:5   | Found a runed translucent door.
 30035 | Lair:5   | Found a viscous altar of Jiyva.
 30035 | Lair:5   | Noticed an acid blob
 30037 | Lair:5   | Found a staircase to the Slime Pits.
 30917 | Lair:6   | Reached skill level 15 in Hexes
 31474 | Lair:6   | Reached skill level 5 in Shields
 31830 | Lair:6   | Found a large runed translucent door.
 31830 | Lair:6   | Found a large runed translucent door.
 32477 | Swamp:1  | Entered Level 1 of the Swamp
 32615 | Swamp:1  | Reached skill level 1 in Fighting
 34157 | Swamp:1  | Gained mutation: Your spells are a little easier to cast,
                  | but a little less powerful. [mutagenic glow]
 34308 | Swamp:2  | Gained mutation: Your spells are easier to cast, but less
                  | powerful. [mutagenic glow]
 34570 | Swamp:1  | Gained mutation: Armour fits poorly on your strangely
                  | shaped body. [mutagenic glow]
 34631 | Swamp:2  | Collided with some deep water

Skill      XL: |  1  2  3  4  5  6  7  8  9 10 11 12 13 14 |
---------------+-------------------------------------------+-----
Spellcasting   | 3 4 5 7 10 12 14 | 14.3
Hexes          | 4 5 6 7 9 12 14 15 | 15.0
Ice Magic      | 2 |  2.4
Stealth        | 5 7 10 12 14 16 | 16.5
Short Blades   | 2 4 6 8 10 | 10.0
Dodging        | 4 8 10 12 14 | 14.3
Evocations     | 7 |  7.0
Shields        | 3 5 |  5.2
Fighting       | 2 |  2.9

Action                   |  1- 3 |  4- 6 |  7- 9 | 10-12 | 13-15 || total
-------------------------+-------+-------+-------+-------+-------++-------
Melee: Dagger            |   122 |    62 |   224 |   748 |   676 ||  1832
 Cast: Corona            |     6 |     1 |     1 |       |       ||     8
       Ensorcelled Hiber |    13 |    12 |   132 |   266 |   142 ||   565
       Tukima's Dance    |       |     2 |     7 |    12 |     4 ||    25
       Confuse           |       |     1 |    36 |    72 |    46 ||   155
       Dazzling Spray    |       |       |     1 |     5 |    94 ||   100
       Invisibility      |       |       |       |     2 |    41 ||    43
Invok: Shadow Step       |       |       |       |     9 |    11 ||    20
 Abil: Evoke Flight      |       |       |       |       |     2 ||     2
       Stop Flying       |       |       |       |       |     1 ||     1
Evoke: Wand              |       |       |     7 |     3 |       ||    10
  Use: Scroll            |     7 |     1 |     7 |    13 |     6 ||    34
       Potion            |     3 |     3 |     5 |     7 |     4 ||    22
 Stab: Sleeping          |    17 |    17 |    69 |   171 |   125 ||   399
       Confused          |       |     1 |    17 |    39 |    12 ||    69
       Distracted        |       |       |     1 |     3 |     2 ||     6
       Invisible         |       |       |       |     7 |    59 ||    66
  Eat: Ration            |       |     2 |     4 |     7 |    13 ||    26
Armor: Robe              |    10 |     1 |     1 |     6 |       ||    18
       Skin              |       |       |    24 |       |       ||    24
       Troll leather arm |       |       |       |     9 |    33 ||    42
Dodge: Dodged            |    82 |    27 |   109 |   560 |   478 ||  1256
Block: Buckler           |       |     6 |    49 |   167 |   164 ||   386
